AoeStats
← Predatory Shadow

Oasis

509794841Analyzed
3v3 RM · 4d ago on Sep 28, 2026· 58m 19s· 6 players
Game mode
Random Map
Map size
Normal (6 player)
Population
200
Speed
Normal
Resources
Standard
Victory
Conquest
Starting age
Dark Age
Ending age
Imperial Age
RankedLock teamsTeams togetherTeam positionsShared explorationLock speedFull tech treeHidden civsTurbo modeCheats
Victory
Defeat
🇬🇧 Vikings · United Kingdom
974
+15
🇦🇷 Mongols · Argentina
951
+16
🇦🇷 Britons · Argentina
948
+16
🇨🇱 Maya · Chile
961
-15
🇨🇱 Khmer · Chile
961
-16
946
-16
L7
0:27 Loom
11:03 Feudal Age
14:57 Double-Bit Axe
20:56 Castle Age
20:05 Forging
22:55 Wheelbarrow
24:50 Town Watch
26:13 Iron Casting
29:04 Fletching
31:04 Elite Skirmisher
32:17 Bow Saw
31:54 Horse Collar
32:40 Ballistics
32:53 Caravan
33:16 Heavy Plow
34:10 Hand Cart
34:59 Padded Archer Armor
36:56 Town Patrol
36:49 Eagle Warrior
40:20 Imperial Age
38:22 Murder Holes
38:10 Treadmill Crane
38:42 Thumb Ring
39:15 Gold Mining
39:16 Stone Mining
39:56 Bodkin Arrow
40:02 Scale Mail Armor
40:44 Elite Eagle Warrior
41:27 Squires
42:29 Blast Furnace
41:45 Chain Mail Armor
41:53 Conscription
42:07 Holcans
42:06 Fortified Wall
42:58 Chemistry
42:47 Leather Archer Armor
43:44 Stone Shaft Mining
44:04 Bracer
45:30 Hul'che Javelineers
46:26 Plate Mail Armor
48:58 Pikeman
49:50 Capped Ram
51:11 Arson
51:18 Crossbowman
52:19 Arbalester
54:58 Two-Man Saw
Morket
9:48 Feudal Age
14:55 Loom
17:11 Castle Age
15:33 Horse Collar
15:40 Double-Bit Axe
15:47 Gold Mining
29:10 Imperial Age
27:01 Bow Saw
28:25 Wheelbarrow
29:50 Town Watch
30:51 Hand Cart
34:28 Conscription
34:18 Stone Mining
35:05 Gold Shaft Mining
34:48 Double Crossbow
35:30 Scale Barding Armor
35:36 Forging
36:15 Ballistics
37:38 Bloodlines
36:49 Light Cavalry
37:29 Husbandry
37:53 Chain Barding Armor
38:08 Iron Casting
38:12 Hussar
40:01 Stone Shaft Mining
46:53 Plate Barding Armor
47:19 Blast Furnace
46:10 Fletching
46:20 Scale Mail Armor
47:00 Heavy Plow
46:33 Heavy Scorpion
47:59 Tusk Swords
49:42 Town Patrol
49:40 Bodkin Arrow
50:26 Cavalier
52:43 Padded Archer Armor
52:58 Chain Mail Armor
52:44 Bracer
52:35 Elite Skirmisher
54:00 Elite Skirmisher
malin la estrella xd
0:39 Loom
11:27 Feudal Age
12:33 Double-Bit Axe
16:27 Horse Collar
20:15 Castle Age
22:59 Bow Saw
24:26 Wheelbarrow
25:37 Caravan
25:52 Forging
27:06 Pikeman
28:13 Heavy Plow
28:56 Squires
33:52 Imperial Age
32:49 Scale Mail Armor
36:02 Elite Hussite Wagon
37:52 Iron Casting
36:41 Man-at-Arms
40:28 Fletching
44:01 Conscription
44:17 Cavalier
44:57 Husbandry
46:00 Blast Furnace
45:09 Scale Barding Armor
46:26 Wagenburg Tactics
47:39 Ballistics
49:23 Chemistry
49:22 Chain Barding Armor
56:10 Siege Engineers
Greenland Viking
7:06 Loom
11:16 Feudal Age
21:08 Castle Age
28:01 Imperial Age
25:28 Double-Bit Axe
26:54 Man-at-Arms
27:35 Squires
27:21 Arson
28:11 Fletching
28:22 Scale Mail Armor
30:16 Conscription
30:47 Forging
30:25 Long Swordsman
31:49 Horse Collar
31:54 Two-Handed Swordsman
34:45 Ballistics
35:25 Chemistry
35:07 Capped Ram
36:48 Chain Mail Armor
37:09 Iron Casting
38:25 Champion
42:27 Plate Mail Armor
43:49 Siege Ram
45:38 Caravan
47:16 Blast Furnace
50:17 Chieftains
Predatory Shadow
0:26 Loom
10:21 Feudal Age
11:08 Double-Bit Axe
18:43 Castle Age
18:22 Horse Collar
18:36 Gold Mining
18:36 Stone Mining
26:44 Bow Saw
27:09 Town Watch
29:17 Wheelbarrow
29:09 Caravan
30:04 Heavy Plow
32:10 Ballistics
34:39 Imperial Age
33:27 Gold Shaft Mining
32:44 Treadmill Crane
34:08 Town Patrol
34:24 Masonry
34:09 Murder Holes
34:26 Fortified Wall
34:06 Heated Shot
34:13 Fletching
34:30 Padded Archer Armor
35:21 Bodkin Arrow
36:31 Two-Man Saw
36:39 Chemistry
36:25 Conscription
36:08 Elite Longbowman
36:53 Bracer
37:09 Leather Archer Armor
37:39 Yeomen
39:20 Ring Archer Armor
39:01 Forging
38:51 Scale Mail Armor
38:57 Scale Barding Armor
39:46 Architecture
39:35 Gambesons
39:11 Man-at-Arms
39:52 Squires
39:12 Pikeman
39:38 Arson
39:46 Long Swordsman
40:32 Halberdier
42:33 Iron Casting
42:13 Chain Mail Armor
42:16 Siege Engineers
41:49 Two-Handed Swordsman
45:06 Blast Furnace
44:26 Chain Barding Armor
45:01 Warwolf
44:34 Sappers
46:48 Hoardings
46:41 Capped Ram
47:41 Champion
50:39 Guilds
Magic3arth
7:31 Loom
9:31 Feudal Age
12:45 Forging
14:19 Double-Bit Axe
15:50 Scale Barding Armor
17:49 Bloodlines
23:31 Castle Age
24:08 Light Cavalry
24:53 Husbandry
29:49 Stone Mining
29:41 Horse Collar
30:13 Bow Saw
35:10 Imperial Age
33:48 Masonry
35:35 Heavy Plow
35:30 Gold Mining
36:17 Stone Shaft Mining
39:18 Gold Shaft Mining
38:48 Onager
40:05 Ballistics
41:08 Chemistry
41:27 Iron Casting
42:12 Siege Onager
44:44 Hussar
45:19 Elite Mangudai
46:30 Drill
46:31 Conscription
45:39 Capped Ram
48:08 Fletching
49:21 Blast Furnace
48:43 Chain Barding Armor
49:02 Fletching
49:12 Padded Archer Armor
51:02 Siege Ram
52:59 Caravan
53:31 Nomads
53:40 Scale Mail Armor
53:37 Bodkin Arrow
53:58 Leather Archer Armor
55:43 Bracer
55:57 Siege Engineers
55:49 Murder Holes
56:05 Masonry
Connection lost

Rejoining the realm…

Still unreachable

The connection could not be restored.

Session expired

The server has moved on; the page needs a fresh start.